Map: Daybreak LE (Void)

Players

solodolo - Winner!

  • Race: Zerg Zerg
  • League: Gold
  • Spawn Location: 7:00

Fropez

  • Race: Protoss Protoss
  • League: Gold
  • Spawn Location: 1:00

VOD

Have the link to the VOD?

Description

Time

  • Played on: Dec. 1, 2016, 3:03 p.m.
  • Length: 15:12
Show
View Real Time Build Order
Export as new Build Order

solodolo Zerg - Winner!

Build Orders: Pool First 

Get SALT Encoding   

  12  0:07  Overlord  
  12  0:13  Drone  
  13  0:18  Drone  
  14  0:26  Drone  
  15  0:32  Drone  
  16  0:40  Drone  
  17  0:47  Spawning Pool  
  16  0:51  Drone  
  16  0:54  Extractor  
  16  0:55  Extractor  
  15  1:03  Drone  
  16  1:12  Drone  
  17  1:25  Drone  
  18  1:35  Baneling Nest  
  18  1:38  Drone  
  18  1:39  Queen  
  20  1:49  Overlord  
  20  1:55  Zergling x2  
  21  2:07  Zergling x2  
  22  2:20  Zergling x2  
  23  2:27  Lair  
  24  2:30  Zergling x2  
  24  2:41  Zergling x2  
  25  2:53  Zergling x8  
  28  3:03  Overlord, Hatchery  
  27  3:24  Zergling x8  
  31  3:28  Pneumatized Carapace  
  31  3:34  Overlord  
  31  3:46  Zergling x2  
  32  3:54  Zergling x2  
  32  3:55  Zergling x6  
  36  4:04  Overlord  
  36  4:14  Zergling x2  
  37  4:28  Queen  
  37  4:31  Spire  
  38  4:34  Overseer  
  38  4:39  Drone x3  
  38  4:40  Drone x2  
  43  4:55  Drone x3  
  43  4:57  Drone  
  47  5:18  Overlord  
  48  5:35  Drone x2  
  48  5:36  Drone x4  
  48  5:40  Extractor  
  48  5:41  Extractor  
  51  5:48  Mutalisk x2  
  51  5:49  Mutalisk  
  57  5:50  Overlord  
  57  5:59  Mutalisk  
  59  6:05  Drone  
  59  6:06  Drone  
  61  6:14  Overseer  
  61  6:15  Overseer  
  61  6:27  Overlord  
  61  6:28  Mutalisk  
  61  6:29  Drone x5  
  68  6:41  Mutalisk, Drone  
  68  6:42  Overlord  
  71  7:05  Mutalisk x2  
  75  7:08  Extractor  
  75  7:13  Hatchery  
  73  7:17  Extractor  
  72  7:25  Mutalisk x2  
  76  7:35  Mutalisk  
  78  7:39  Overlord x2  
  78  7:51  Mutalisk  
  78  7:56  Overlord  
  78  7:57  Overlord, Drone x2  
  78  7:58  Drone x3  
  85  8:11  Overseer  
  85  8:20  Mutalisk x3  
  85  8:22  Drone x2  
  85  8:23  Drone  
  94  8:39  Mutalisk x2  
  94  8:40  Drone x4  
  94  8:41  Drone x2  
  97  8:48  Spine Crawler  
  97  8:53  Mutalisk  
  97  8:55  Drone  
  99  8:56  Mutalisk  
  96  9:36  Mutalisk x4  
  96  9:38  Mutalisk  
  106  9:48  Hydralisk Den  
  105  9:54  Drone x7  
  112  10:00  Overseer  
  112  10:01  Mutalisk x2  
  112  10:02  Zergling x2  
  117  10:11  Mutalisk  
  117  10:12  Mutalisk  
  117  10:13  Overlord  
  121  10:15  Queen  
  121  10:16  Queen  
  125  10:22  Zergling x6  
  125  10:23  Overlord x2, Zergling x2  
  125  10:24  Overlord  
  125  10:27  Muscular Augments  
  129  10:44  Hydralisk x3  
  129  10:45  Hydralisk x4  
  129  10:49  Drone  
  144  11:03  Hydralisk x4  
  152  11:08  Overlord x3  
  152  11:20  Hydralisk x3  
  152  11:21  Hydralisk  
  160  11:27  Hydralisk x2  
  164  11:45  Hydralisk  
  164  11:46  Hydralisk x3, Overlord x2  
  164  11:47  Hydralisk  
  174  11:57  Hydralisk, Overlord  
  174  11:58  Hydralisk x2  
  175  12:44  Hydralisk x8  
  175  12:45  Hydralisk  
  193  13:00  Overlord x2  
  193  13:18  Infestation Pit  
  193  13:19  Grooved Spines  
  192  13:21  Evolution Chamber  
  192  13:23  Evolution Chamber  
  189  13:48  Overseer x3  
  189  13:58  Infestor x5  
  199  14:07  Zergling x2  
  149  14:33  Hydralisk x3  
  135  14:39  Zergling x12  
  135  14:40  Zergling x14  
  135  14:41  Zergling x4  
Show
View Real Time Build Order
Export as new Build Order

Fropez Protoss 

Build Orders:  

Get SALT Encoding   

  12  0:00  Probe (Chrono Boost)  
  13  0:11  Probe (Chrono Boost)  
  14  0:20  Pylon  
  14  0:27  Probe (Chrono Boost)  
  15  0:38  Probe (Chrono Boost)  
  15  0:41  Gateway  
  16  0:46  Assimilator  
  16  1:02  Pylon  
  16  1:07  Gateway  
  16  1:13  Probe (Chrono Boost)  
  17  1:24  Probe (Chrono Boost)  
  18  1:34  Probe (Chrono Boost)  
  18  1:35  Cybernetics Core  
  18  1:38  Assimilator  
  19  1:45  Probe (Chrono Boost)  
  20  1:55  Probe (Chrono Boost)  
  21  2:08  Nexus  
  21  2:14  Warp Gate (Chrono Boost)  
  21  2:19  Adept  
  23  2:27  Adept  
  25  2:39  Pylon  
  25  2:41  Mothership Core  
  27  2:48  Adept  
  29  2:59  Gateway  
  29  3:02  Probe  
  30  3:11  Gateway  
  30  3:14  Probe  
  30  3:19  Probe  
  32  3:28  Adept x2  
  36  3:38  Probe  
  36  3:39  Probe  
  38  4:08  Twilight Council, Probe  
  38  4:09  Probe  
  40  4:10  Pylon  
  40  4:11  Assimilator  
  40  4:19  Probe  
  40  4:22  Adept x2  
  40  4:23  Adept x2  
  49  4:36  Forge  
  49  4:39  Pylon, Probe  
  50  4:49  Pylon  
  50  4:50  Probe  
  51  4:54  Pylon  
  51  5:01  Probe  
  51  5:02  Resonating Glaives (Chrono Boost)  
  51  5:03  Protoss Ground Weapons Level 1 (Chrono Boost)  
  52  5:07  Probe  
  53  5:25  Adept x2  
  57  5:32  Probe  
  58  5:39  Probe  
  59  5:43  Adept x2  
  59  5:47  Sentry  
  59  5:48  Sentry  
  67  5:50  Pylon  
  67  6:02  Assimilator  
  67  6:03  Probe  
  67  6:04  Probe  
  69  6:07  Pylon  
  69  6:18  Photon Cannon  
  69  6:33  Pylon  
  69  6:35  Charge (Chrono Boost)  
  69  6:37  Adept  
  69  6:38  Adept x3  
  77  6:40  Probe  
  77  6:41  Probe  
  79  6:51  Protoss Ground Weapons Level 2 (Chrono Boost)  
  79  6:55  Probe  
  79  6:56  Probe  
  81  7:09  Probe x2  
  83  7:15  Pylon  
  83  7:37  Pylon  
  83  7:43  Sentry x4  
  83  7:44  Pylon  
  91  7:50  Photon Cannon  
  91  7:59  Robotics Facility  
  91  8:03  Dark Shrine  
  91  8:05  Pylon  
  91  8:11  Pylon  
  91  8:22  Probe x2  
  91  8:26  Adept x4  
  93  8:50  Observer  
  94  9:06  Nexus  
  94  9:08  Gateway  
  86  9:10  Gateway, Photon Cannon  
  86  9:12  Pylon  
  86  9:17  Pylon  
  86  9:23  Assimilator  
  86  9:28  Assimilator  
  86  9:29  Stalker x3  
  86  9:30  Pylon  
  92  9:34  Pylon  
  92  9:42  Adept  
  92  9:45  Protoss Ground Weapons Level 3 (Chrono Boost)  
  98  9:54  Warp Prism (Chrono Boost)  
  96  10:05  Pylon  
  96  10:08  Probe x2  
  98  10:14  Zealot  
  98  10:15  Zealot x5  
  98  10:20  Probe  
  111  10:26  Gateway  
  111  10:28  Gateway  
  111  10:29  Photon Cannon  
  111  10:34  Gateway  
  111  10:44  Blink  
  111  10:48  Photon Cannon  
  111  10:54  Photon Cannon  
  111  10:58  Stalker x4  
  111  11:01  Gateway  
  111  11:03  Gateway  
  119  11:06  Photon Cannon  
  119  11:14  Dark Templar x2  
  111  11:24  Adept x3  
  113  11:46  Stalker x3  
  119  12:04  Dark Templar x3  
  118  12:27  Archon  
  117  12:35  Zealot x3  
  123  12:37  Zealot x3  
  127  12:59  Stalker x3  
  133  13:18  Pylon  
  131  13:20  Pylon  
  123  13:27  Stalker x2  
  123  13:28  Stalker  
  127  13:41  Stalker  
  127  13:42  Stalker  
  93  14:48  Templar Archives  
Tags
 
League
GoldGold
Matchup
PvZ
Opening
Pool First
Replay Pack
All Mines
Spawn Locations
Cross Positions
Add a new tag
Caveats
  • Supply blocks, unpowered buildings, or Contaminate may cause inaccurate times.
  • Supply counts are checked every 10 seconds.